AoeStats
← Ken

Arena

509623534Analyzed
4v4 RM · 4d ago on Sep 27, 2026· 44m 54s· 8 players
Game mode
Random Map
Map size
Large (8 player)
Population
200
Speed
Normal
Resources
Standard
Victory
Conquest
Starting age
Dark Age
Ending age
Imperial Age
RankedLock teamsTeams togetherTeam positionsShared explorationLock speedFull tech treeHidden civsTurbo modeCheats
Victory
Defeat
🇨🇳 Franks · China
995
+13
🇦🇺 Bohemians · Australia
945
+15
🇦🇺 Teutons · Australia
943
+16
🇨🇿 Persians · Czechia
929
+16
🇧🇷 Varangians · Brazil
989
-17
🇹🇼 Britons · Taiwan
930
-15
🇮🇹 Italians · Italy
917
-14
🇹🇼 Danes · Taiwan
902
-24
TikishTakush
11:11 Feudal Age
13:35 Loom
16:22 Castle Age
14:25 Horse Collar
14:48 Double-Bit Axe
19:54 Wagenburg Tactics
27:44 Wheelbarrow
28:53 Pikeman
34:37 Imperial Age
34:10 Chemistry
34:04 Heavy Plow
34:17 Fletching
34:28 Padded Archer Armor
35:02 Masonry
35:47 Conscription
37:30 Architecture
37:28 Murder Holes
39:31 Leather Archer Armor
39:26 Forging
39:52 Houfnice
41:27 Siege Engineers
42:09 Bodkin Arrow
42:45 Ring Archer Armor
41:38 Elite Skirmisher
43:58 Bracer
Ken
10:38 Feudal Age
14:50 Castle Age
13:16 Double-Bit Axe
17:35 Loom
19:36 Bow Saw
22:16 Wheelbarrow
23:05 Husbandry
24:14 Gold Mining
27:23 Scale Barding Armor
27:29 Forging
27:49 Hand Cart
29:13 Chain Barding Armor
30:07 Gold Shaft Mining
32:49 Imperial Age
31:00 Iron Casting
34:07 Plate Barding Armor
34:33 Blast Furnace
33:16 Treadmill Crane
33:56 Ballistics
34:37 Chemistry
33:33 Murder Holes
33:36 Stone Mining
33:21 Cavalier
34:27 Conscription
35:14 Paladin
36:14 Fletching
36:25 Padded Archer Armor
36:25 Scale Mail Armor
36:27 Chivalry
37:18 Ordonnance Companies
37:54 Bodkin Arrow
39:17 Light Cavalry
40:09 Caravan
Sarder King
10:58 Feudal Age
12:03 Loom
15:31 Castle Age
15:32 Double-Bit Axe
15:30 Horse Collar
20:29 Wheelbarrow
23:27 Bow Saw
26:58 Imperial Age
25:52 Forging
25:48 Scale Barding Armor
25:33 Fletching
25:44 Padded Archer Armor
26:56 Bloodlines
27:40 Iron Casting
29:53 Bodkin Arrow
31:16 Chain Barding Armor
33:17 Two-Man Saw
32:02 Cavalier
35:26 Chemistry
34:47 Ballistics
34:33 Siege Engineers
35:44 Blast Furnace
35:19 Plate Barding Armor
37:24 Crenellations
37:39 Hoardings
37:45 Scale Mail Armor
38:00 Leather Archer Armor
39:40 Masonry
39:41 Fortified Wall
39:51 Bombard Tower
40:01 Crossbowman
41:13 Gold Mining
41:13 Stone Mining
42:36 Conscription
44:22 Chain Mail Armor
jakubpekar
10:18 Feudal Age
8:34 Loom
14:36 Castle Age
12:52 Double-Bit Axe
13:09 Horse Collar
22:34 Bow Saw
22:34 Heavy Plow
25:37 Wheelbarrow
25:00 Gold Mining
27:26 Gold Shaft Mining
26:42 Stone Mining
30:21 Imperial Age
29:43 Hand Cart
29:53 Forging
29:49 Scale Barding Armor
30:20 Caravan
30:27 Husbandry
30:39 Bloodlines
31:09 Iron Casting
31:18 Stone Shaft Mining
30:31 Cavalier
33:05 Two-Man Saw
32:38 Crop Rotation
32:53 Ballistics
33:36 Conscription
35:23 Blast Furnace
34:32 Savar
35:14 Town Watch
35:54 Chain Barding Armor
36:19 Fletching
36:52 Elite War Elephant
38:55 Plate Barding Armor
40:08 Scale Mail Armor
40:00 Fletching
40:11 Padded Archer Armor
43:42 Bodkin Arrow
44:03 Leather Archer Armor
44:04 Chain Mail Armor
44:55 Chemistry
43:47 Heated Shot
43:54 Murder Holes
44:10 Masonry
44:14 Citadels
44:06 Kamandaran
43:37 Sappers
44:43 Hoardings
44:53 Light Cavalry
maalrugu
11:08 Feudal Age
9:54 Loom
15:15 Castle Age
14:11 Wheelbarrow
25:52 Hand Cart
25:45 Town Watch
26:48 Double-Bit Axe
26:45 Horse Collar
27:42 Fletching
30:28 Imperial Age
28:11 Gold Mining
28:12 Stone Mining
29:15 Bow Saw
29:09 Bodkin Arrow
29:15 Padded Archer Armor
29:57 Town Patrol
30:35 Heavy Plow
31:14 Stone Shaft Mining
30:39 Murder Holes
30:55 Masonry
31:15 Ballistics
31:06 Fortified Wall
31:27 Squires
31:30 Bracer
31:45 Leather Archer Armor
32:38 Chemistry
32:08 Conscription
35:04 Ring Archer Armor
35:08 Architecture
aos.ceus
2:16 Loom
13:51 Feudal Age
20:37 Castle Age
18:50 Double-Bit Axe
19:47 Gold Mining
19:48 Stone Mining
19:41 Horse Collar
20:41 Forging
21:20 Scale Barding Armor
21:45 Bloodlines
26:31 Heavy Plow
26:38 Fletching
27:24 Iron Casting
31:39 Imperial Age
32:13 Bodkin Arrow
32:39 Chain Barding Armor
35:26 Scale Mail Armor
35:33 Squires
41:36 Conscription
GL.DuaT
12:19 Feudal Age
13:48 Horse Collar
17:27 Castle Age
16:08 Double-Bit Axe
21:48 Fletching
22:23 Bow Saw
24:01 Gold Mining
25:24 Heavy Plow
25:37 Pikeman
26:18 Squires
29:33 Wheelbarrow
30:06 Gold Shaft Mining
32:54 Imperial Age
31:21 Stone Mining
31:36 Bodkin Arrow
32:36 Masonry
32:36 Padded Archer Armor
32:48 Forging
32:38 Scale Mail Armor
33:53 Bracer
35:20 Two-Man Saw
35:15 Siege Engineers
35:30 Leather Archer Armor
36:02 Halberdier
39:43 Yeomen
39:44 Conscription
41:17 Elite Longbowman
42:35 Hoardings
42:34 Warwolf
43:06 Ring Archer Armor
42:52 Chain Mail Armor
GL.Herq
13:24 Feudal Age
14:22 Double-Bit Axe
14:24 Horse Collar
17:12 Castle Age
18:19 Bow Saw
18:17 Heavy Plow
18:10 Gold Mining
22:55 Wheelbarrow
25:35 Gold Shaft Mining
30:12 Imperial Age
28:46 Hand Cart
28:16 Loom
28:19 Town Watch
28:48 Arson
29:03 Squires
28:49 Gambesons
29:09 Scale Mail Armor
29:20 Forging
30:44 Chain Mail Armor
30:33 Stone Mining
30:33 Elite Varangian Guard
32:17 Plate Mail Armor
33:12 Stone Shaft Mining
33:40 Iron Casting
44:35 Conscription
Connection lost

Rejoining the realm…

Still unreachable

The connection could not be restored.

Session expired

The server has moved on; the page needs a fresh start.